 Dungeon Crawl Stone Soup version 0.29-a0-919-gd064cfad1c (webtiles) character file.

Game seed: 6844585443460990474

6599 quixfox the Geomancer (level 11, -1/66 HPs)
             Began as a Gargoyle Earth Elementalist on July 27, 2022.
             Was a Believer of Vehumet.
             Slain by a hornet (12 damage)
             ... on level 9 of the Dungeon.
             The game lasted 00:27:03 (9225 turns).

quixfox the Geomancer (Gargoyle Earth Elementalist) Turns: 9225, Time: 00:27:03

Health: -1/66      AC: 17    Str: 12    XL:     11   Next: 2%
Magic:  21/21      EV: 12    Int: 26    God:    Vehumet [**....]
Gold:   427        SH:  0    Dex: 13    Spells: 14/24 levels left

rFire   . . .      SeeInvis +   b - staff of earth
rCold   . . .      Faith    .   (no shield)
rNeg    + . .      Spirit   .   r - +1 robe "Pasodgh" {Dex+3}
rPois   ∞          Reflect  .   o - +1 helmet
rElec   +          Harm     .   E - +0 cloak
rCorr   +          Rampage  .   p - +2 pair of gloves
Will    .....                   (no boots)
Stlth   ++........              e - amulet of Mutul {RegenMP SInv}
HPRegen 0.21/turn               g - +6 ring of intelligence
MPRegen 0.57/turn               A - ring of resist corrosion

@: studying Invocations
A: sickness immunity, AC +8, negative energy resistance 1, electricity
resistance, torment resistance 1, petrification resistance
a: Renounce Religion


You were on level 9 of the Dungeon.
You worshipped Vehumet.
Vehumet was pleased with you.
You visited 2 branches of the dungeon, and saw 10 of its levels.

You collected 558 gold pieces.
You spent 131 gold pieces at shops.

Inventory:

Hand Weapons
 a - the +10 sling "Giantbane" {freeze, rN+++ Int-4 Dex+3 Stlth+}
   (You found it on level 3 of the Dungeon)

   Any ammunition fired from it freezes those it strikes, dealing additional
   cold damage.
   It can also slow down cold-blooded creatures.
   Int:       It affects your intelligence (-4).
   Dex:       It affects your dexterity (+3).
   rN:        It renders you almost immune to negative energy.
   Stlth:     It makes you more stealthy.
 B - the +8 whip "Snakebite" {venom, curare, rPois}
   (You took it off Amaemon on level 9 of the Dungeon)

   It poisons the flesh of those it strikes.
   It occasionally inflicts asphyxiating poison on those it strikes, dealing
   poison damage and causing slowness.
   rPois:     It protects you from poison.
Missiles
 s - 2 throwing nets
Armour
 o - a +1 helmet (worn)
 p - a +2 pair of gloves (worn)
 r - the +1 robe "Pasodgh" (worn) {Dex+3}
   (You bought it in a shop on level 2 of the Dungeon)

   Dex:       It affects your dexterity (+3).
 E - a +0 cloak (worn)
Magical Staves
 b - a staff of earth (weapon)
Jewellery
 e - the amulet of Mutul (around neck) {RegenMP SInv}
   (You found it on level 9 of the Dungeon)

   [amulet of magic regeneration]

   It increases your rate of magic regeneration.
   SInv:      It lets you see invisible.
 g - a +6 ring of intelligence (left hand)
 A - a ring of resist corrosion (right hand)
 F - a ring of see invisible
Wands
 C - a wand of digging (3)
 G - a wand of acid (5)
 H - a wand of iceblast (6)
 I - a wand of charming (7)
Scrolls
 d - a scroll of summoning
 j - a scroll of enchant weapon
 k - 5 scrolls of amnesia
 l - 3 scrolls of fear
 q - 2 scrolls of identify
 w - 3 scrolls of magic mapping
 y - a scroll of vulnerability
 z - 3 scrolls of torment
Potions
 c - 3 potions of might
 f - 3 potions of magic
 h - a potion of lignification {unknown}
 i - a potion of degeneration
 m - a potion of heal wounds {unknown}
 n - a potion of brilliance
 t - 2 potions of invisibility
 u - a potion of attraction
 x - a potion of curing
 D - 2 potions of flight


   Skills:
 + Level 6.4 Fighting
 + Level 3.9 Staves
 - Level 4.0 Ranged Weapons
 - Level 1.5 Dodging
 - Level 2.1 Stealth
 + Level 7.1 Spellcasting
 + Level 7.1 Conjurations
 - Level 0.7 Transmutations
 + Level 6.4 Fire Magic
 + Level 9.6 Earth Magic


You had 14 spell levels left.
You knew the following spells:

 Your Spells              Type           Power      Damage    Failure   Level
a - Sandblast             Erth           100%       2d20      1%          1
b - Passwall              Tmut/Erth      44%        N/A       1%          2
c - Stone Arrow           Conj/Erth      100%       3d13      1%          3
d - Sticky Flame          Conj/Fire      44%        2d6       3%          4

Your spell library contained the following spells:

 Spells                   Type           Power      Damage    Failure   Level
 Searing Ray              Conj           92%        2d7       1%          2
 Conjure Flame            Conj/Fire      44%        6-21      1%          3
 Ignite Poison            Fire/Tmut/Pois 21%        N/A       7%          3
 Petrify                  Tmut/Erth      53%        N/A       8%          4
 Animate Armour           Summ/Erth      100%       N/A       9%          4
 Leda's Liquefaction      Hex/Erth       25%        N/A       9%          4
 Poisonous Vapours        Pois/Air       18%        N/A       10%         2
 Call Canine Familiar     Summ           9%         N/A       19%         3
 Portal Projectile        Hex/Tloc       18%        N/A       19%         3
 Corpse Rot               Necr/Pois/Air  9%         N/A       52%         4


Dungeon Overview and Level Annotations

Branches:
Dungeon (9/15)             Temple (1/1) D:6
   Lair: D:8-11         Orc: D:9-12

Altars:
Ashenzari
Cheibriados
Dithmenos
Elyvilon
Fedhas
Gozag
Hepliaklqana
Kikubaaqudgha
Makhleb
Nemelex Xobeh
Okawaru
Qazlal
Ru
Sif Muna
Trog
Uskayaw
Vehumet
Wu Jian
Xom
Yredelemnul
Zin
The Shining One

Shops:
D:2 [?**

Annotations:
D:3 2 transporters


Innate Abilities, Weirdness & Mutations

You are immune to sickness and miasma.
Your stone body is resilient. (AC +8)
You are immune to poison.
You resist negative energy. (rN+)
You are resistant to electric shocks. (rElec)
You are resistant to unholy torment.
You are immune to petrification.


Message History

You feel a surge of power!
The blast of sand hits the hornet.
The hornet is moderately wounded.
The hornet closely misses you.
The hornet stings you but does no damage.
The hornet stings you!
Aiming: Sandblast (safe; 1% risk of failure)
Press: ? - help, Q - select action, (/) - cycle Shift-Dir - straight line, f/p - hornet
Aim: a hornet (moderately wounded, 78% to hit)
You feel a surge of power!
The blast of sand hits the hornet.
The hornet is heavily wounded.
The hornet completely misses you. The hornet misses you.
The hornet stings you but does no damage.
Aiming: Sandblast (safe; 1% risk of failure)
Press: ? - help, Q - select action, (/) - cycle Shift-Dir - straight line, f/p - hornet
Aim: a hornet (heavily wounded, 78% to hit)
You feel a surge of power!
The blast of sand hits the hornet!
The hornet is severely wounded.
The hornet misses you.
The hornet stings you but does no damage.
The hornet completely misses you.
Aiming: Sandblast (safe; 1% risk of failure)
Press: ? - help, Q - select action, (/) - cycle Shift-Dir - straight line, f/p - hornet
Aim: a hornet (severely wounded, 78% to hit)
You feel a surge of power!
The blast of sand hits the hornet.
The hornet is severely wounded.
The hornet stings you.
* * * LOW HITPOINT WARNING * * *
The hornet closely misses you.
The hornet stings you but does no damage.
Aiming: Sandblast (safe; 1% risk of failure)
Press: ? - help, Q - select action, (/) - cycle Shift-Dir - straight line, f/p - hornet
Aim: a hornet (severely wounded, 78% to hit)
You feel a surge of power!
The blast of sand hits the hornet.
The hornet is almost dead.
The hornet stings you.
* * * LOW HITPOINT WARNING * * *
The hornet stings you.
* * * LOW HITPOINT WARNING * * *
The hornet stings you!
You die...

#.# ##.......# #.#
###.......## #.#
##.........# ####.#
#.........## ...#.#
##........## ##.#.##
#.......###
##....######....####
#...#.........#####
#.....#####..###@.#
#..#....###..#.#.y#
#..####...).###.##.#
#..###...##.#.)#..#..
#..##.....#.'..#..#..#
#..#........####### ## ###
#..#............#.######.#
#..#........###..........#
#...........# ############


You could see a hornet.

Vanquished Creatures
  A two-headed ogre (D:9)
  Amaemon (D:9)
  Joseph (D:7)
  Maggie (D:6)
  An orange demon (D:9)
  Grinder (D:5)
  Prince Ribbit (D:5)
  Sigmund (D:6)
  3 yaks (D:9)
  2 wyverns (D:9)
  Duvessa (D:6)
  3 water moccasins
  A sky beast (D:6)
  3 ice beasts
  An orc warrior (D:9)
  2 ogres
  2 kobold brigands
  5 necrophages
  6 bullfrogs
  3 gnoll sergeants
  6 wights (D:8)
  Dowan (D:6)
  4 howler monkeys (D:9)
  A hound (D:2)
  Crazy Yiuf (D:6)
  A jelly (D:4)
  3 orc priests (D:8)
  A gnoll bouda (D:9)
  An iron imp (D:7)
  2 iguanas
  4 orc wizards
  14 gnolls
  7 adders
  3 shadow imps
  2 worms
  7 dart slugs
  23 orcs
  10 ball pythons
  3 bats
  8 endoplasms
  A giant cockroach (D:3)
  10 hobgoblins
  5 jackals
  5 quokkas
  5 frilled lizards
  7 goblins
  15 kobolds
  5 rats
195 creatures vanquished.

Vanquished Creatures (collateral kills)
  A bullfrog (D:9)
1 creature vanquished.

Vanquished Creatures (others)
  A demonic plant (D:1)
1 creature vanquished.

Grand Total: 197 creatures vanquished

Notes
Turn   | Place    | Note
-------+----------+-------------------------------------------
     0 | D:1      | quixfox the Gargoyle Earth Elementalist began the quest for
                  | the Orb.
     0 | D:1      | Reached XP level 1. HP: 10/10 MP: 3/3
   147 | D:1      | Reached skill level 4 in Earth Magic
   147 | D:1      | Reached XP level 2. HP: 2/15 MP: 0/5
  1024 | D:1      | Found a faded altar of an unknown god.
  1067 | D:1      | Reached XP level 3. HP: 19/19 MP: 4/6
  1070 | D:1      | Learned a level 2 spell: Passwall
  1074 | D:1      | Learned a level 3 spell: Stone Arrow
  1249 | D:2      | Reached XP level 4. HP: 16/24 MP: 2/8
  1470 | D:2      | Found Xagg's Armour Shop.
  1508 | D:2      | Reached skill level 5 in Earth Magic
  1573 | D:2      | Found Ashokhay's Magic Scroll Shoppe.
  1629 | D:2      | Found Gurer's Assorted Antiques.
  1681 | D:2      | Found Qarhuculu's Assorted Antiques.
  2174 | D:2      | Bought a fine robe for 131 gold pieces
  2174 | D:2      | Identified the +1 robe "Pasodgh" {Dex+3} (You bought it in
                  | a shop on level 2 of the Dungeon)
  2290 | D:3      | Reached XP level 5. HP: 28/28 MP: 7/10
  2375 | D:3      | Learned a level 4 spell: Sticky Flame
  2450 | D:3      | Found a basalt altar of Yredelemnul.
  2641 | D:3      | Found a transporter.
  2748 | D:3      | Found a transporter.
  2754 | D:3      | Identified the +10 sling "Giantbane" {freeze, rN+++ Int-4
                  | Dex+3 Stlth+}
  3109 | D:4      | Reached skill level 1 in Conjurations
  3109 | D:4      | Reached skill level 1 in Fire Magic
  3113 | D:4      | Found a glowing golden altar of the Shining One.
  3122 | D:4      | Reached XP level 6. HP: 32/32 MP: 11/11
  3186 | D:4      | Noticed an ice beast
  3209 | D:4      | Killed an ice beast
  3210 | D:4      | Reached skill level 6 in Earth Magic
  3390 | D:4      | Got the Vellum of Amassed Air
  3423 | D:4      | Found a shadowy altar of Dithmenos.
  3505 | D:4      | Noticed an ice beast
  3525 | D:4      | Killed an ice beast
  3526 | D:4      | Reached XP level 7. HP: 36/36 MP: 13/13
  3812 | D:5      | Entered Level 5 of the Dungeon
  3812 | D:5      | Noticed Grinder
  3820 | D:5      | Killed Grinder
  3821 | D:5      | Reached skill level 1 in Fighting
  3821 | D:5      | Reached skill level 1 in Ranged Weapons
  3841 | D:5      | Identified the +6 dagger "Ruhimeis" {spect, Str+3}
  3909 | D:5      | Reached XP level 8. HP: 43/43 MP: 15/15
  4025 | D:5      | Reached skill level 7 in Earth Magic
  4141 | D:5      | Noticed Prince Ribbit
  4147 | D:5      | Killed Prince Ribbit
  4148 | D:5      | Reached skill level 5 in Spellcasting
  4575 | D:6      | Found a staircase to the Ecumenical Temple.
  4584 | Temple   | Entered the Ecumenical Temple
  4642 | Temple   | Became a worshipper of Vehumet
  4875 | D:6      | Reached XP level 9. HP: 43/51 MP: 14/17
  5277 | D:6      | Noticed Duvessa
  5277 | D:6      | Noticed Dowan
  5285 | D:6      | Killed Duvessa
  5287 | D:6      | Killed Dowan
  5503 | D:6      | Noticed Maggie
  5512 | D:6      | Killed Maggie
  5513 | D:6      | Reached skill level 5 in Conjurations
  5513 | D:6      | Reached skill level 8 in Earth Magic
  5543 | D:6      | Found a runed translucent door.
  5544 | D:6      | Noticed Crazy Yiuf
  5747 | D:6      | Noticed Sigmund
  5754 | D:6      | Killed Sigmund
  5864 | D:6      | Killed Crazy Yiuf
  5970 | D:7      | Found a blossoming altar of Fedhas.
  6049 | D:7      | Identified the +7 spear of Prescription {protect, rPois rC+
                  | Str+3}
  6207 | D:7      | Found a snail-covered altar of Cheibriados.
  6365 | D:7      | Noticed Joseph
  6377 | D:7      | Killed Joseph
  6378 | D:7      | Reached skill level 1 in Staves
  6378 | D:7      | Reached skill level 5 in Fire Magic
  7024 | D:8      | Reached * piety under Vehumet
  7024 | D:8      | Offered knowledge of Foxfire by Vehumet.
  7083 | D:8      | Identified the +8 falchion "Weisi" {drain, rF+}
  7143 | D:8      | Reached XP level 10. HP: 58/58 MP: 19/19
  7160 | D:8      | Reached skill level 5 in Fighting
  7846 | D:8      | Found a shimmering blue altar of Sif Muna.
  8091 | D:9      | Found a stormy altar of Qazlal.
  8093 | D:9      | Found an iron altar of Okawaru.
  8138 | D:9      | Noticed a two-headed ogre
  8143 | D:9      | Killed a two-headed ogre
  8144 | D:9      | Reached skill level 9 in Earth Magic
  8424 | D:9      | Identified the amulet of Mutul {RegenMP SInv}
  9182 | D:9      | Noticed an orange demon
  9185 | D:9      | Killed an orange demon
  9188 | D:9      | Noticed Amaemon
  9206 | D:9      | Killed Amaemon
  9206 | D:9      | Reached ** piety under Vehumet
  9206 | D:9      | Offered knowledge of Searing Ray by Vehumet.
  9207 | D:9      | Reached XP level 11. HP: 25/65 MP: 21/21
  9225 | D:9      | Slain by a hornet

Illustrated notes

Levels and vault maps discovered:
D:1:      tarquinn_simple_flora_water_e, layout_basic,
          dreamdust_ecumenical_altar_sealed_demon
D:2:      layout_rooms, serial_shops, nicolae_diamond_shop,
          nicolae_shop_waterfront, shop, nicolae_shop_crystal, minmay_tromino_i2
D:3:      gammafunk_steamed_eel, layout_basic, old_standard_altar,
          minmay_checkerbox
D:4:      layout_gridville, nicolae_dithmenos_the_darkroom, kennysheep_mini,
          st_stairs_11, minmay_manual_mandibuliform
D:5:      layout_basic, uniq_prince_ribbit1, uniq_grinder
D:6:      nicolae_cairo_tiling_large_dashed, layout_basic,
          minmay_temple_entry_junction_2, uniq_crazy_yiuf_cottage, uniq_duvessa,
          uniq_maggie, uniq_sigmund
D:7:      layout_basic, mainiacjoe_overflow_24_doors, slow_altar_2,
          serial_glass, glass_columns_a, glass_columns_b,
          chequers_serial_rivers_large_b, uniq_joseph
D:8:      minmay_evil_eye, layout_basic, nicolae_sif_muna_condensation
D:9:      minmay_s_stair_smasher, layout_loops_ring, minitemple, minivault_4,
          uniq_amaemon
Temple:   zaba_magenta_temple

Skill      XL: |  1  2  3  4  5  6  7  8  9 10 |
---------------+-------------------------------+-----
Earth Magic    | 4 5 6 7 8 9 |  9.6
Spellcasting   | 3 4 5 6 7 |  7.1
Conjurations   | 1 2 3 4 5 7 |  7.1
Fire Magic     | 1 2 3 4 5 6 |  6.4
Fighting       | 1 3 4 6 |  6.4
Ranged Weapons | 1 3 4 |  4.0
Staves         | 1 3 |  3.9
Dodging        | |  1.5
Stealth        | |  2.1
Transmutations | |  0.7

Action                   |  1- 3 |  4- 6 |  7- 9 | 10-12 || total
-------------------------+-------+-------+-------+-------++-------
Melee: Staff             |       |       |       |     1 ||     1
 Fire: Sling             |       |    70 |    95 |    47 ||   212
 Cast: Sandblast         |    34 |    62 |    66 |    76 ||   238
Evoke: Wand              |       |       |       |     1 ||     1
  Use: Scroll            |       |       |       |    21 ||    21
       Potion            |       |       |       |     2 ||     2
Armor: Robe              |    13 |    22 |    32 |    52 ||   119
Dodge: Dodged            |    29 |    38 |    75 |    72 ||   214

Table legend: (Time is in decaauts)
 A = Elapsed time spent in this place.
 B = Non-inter-level travel time spent in this place.
 C = Inter-level travel time spent in this place.
 D = Time resting spent in this place.
 E = Time spent auto-exploring this place.
 F = Levels seen in this place.
 G = Mean time per level.
                   A        B        C        D        E       F      G
               +--------+--------+--------+--------+--------+-----+--------+
         Total |   9562 |   9269 |    293 |   1386 |   6251 |  10 |  956.2 |
       Dungeon |   9487 |   9194 |    293 |   1386 |   6251 |   9 | 1054.1 |
        Temple |     75 |     75 |      0 |      0 |      0 |   1 |   75.0 |
               +--------+--------+--------+--------+--------+-----+--------+

Top non-repeatable levels by time:
     D:1: 1266 daAuts
     D:6: 1228 daAuts
     D:9: 1211 daAuts
     D:8: 1202 daAuts
     D:3: 1022 daAuts
     D:7: 1021 daAuts
     D:4: 970 daAuts
     D:2: 884 daAuts
     D:5: 680 daAuts
  Temple: 75 daAuts
